 Dungeon Crawl Stone Soup version 0.26-b1-32-g5d43845318 (webtiles) character file.

Game seed: 10029667254788884149

301 theswoord the Insei (level 6, -1/47 HPs)
             Began as a Demonspawn Transmuter on Jan 12, 2021.
             Blown up by Ijyb (27 damage)
             ... with a disintegration bolt
             ... on level 3 of the Dungeon.
             The game lasted 00:03:52 (3850 turns).

theswoord the Insei (Demonspawn Transmuter)         Turns: 3850, Time: 00:03:52

Health: -1/47      AC:  5    Str: 13    XL:     6   Next: 14%
Magic:  8/9        EV: 13    Int: 14    God:
Gold:   124        SH:  0    Dex: 13    Spells: 8/9 levels left

rFire    . . .     SeeInvis .     - Unarmed
rCold    . . .     Faith    .   (no shield)
rNeg     . . .     Spirit   .   e - +0 ring mail
rPois    .         Reflect  .   (helmet currently unavailable)
rElec    .         Harm     .   (no cloak)
rCorr    .         Rampage  .   (no gloves)
Will     .....                  (boots currently unavailable)
Stlth    ..........             (no amulet)
HPRegen  0.15/turn              (no ring)
MPRegen  0.11/turn              (no ring)

@: appendages
A: hooves 2, horns 2, repulsion field 1, demonic guardian 1
a: End Transformation


You were on level 3 of the Dungeon.
You had grown temporary horns.
You visited 1 branch of the dungeon, and saw 3 of its levels.

You collected 124 gold pieces.

Inventory:

Armour
 a - a +0 robe
 d - a +0 helmet (melded)
 e - a +0 ring mail (worn)
Scrolls
 b - a scroll of identify
 f - a scroll of magic mapping {unknown}
 h - a scroll of teleportation
Potions
 c - a potion of curing {unknown}
 l - a potion of flight


   Skills:
 + Level 3.5 Fighting
 - Level 1.7 Dodging
 + Level 4.2 Unarmed Combat
 - Level 2.0 Spellcasting
 + Level 3.7 Transmutations


You had 8 spell levels left.
You knew the following spells:

 Your Spells              Type           Power        Failure   Level
a - Beastly Appendage     Tmut           22%          12%         1

Your spell library contained the following spells:

 Spells                   Type           Power        Failure   Level
 Wereblood                Tmut           11%          17%         2
 Spider Form              Tmut/Pois      3%           58%         3
 Ice Form                 Ice/Tmut       6%           94%         4
 Blade Hands              Tmut           5%           97%         5


Dungeon Overview and Level Annotations

Branches:
Dungeon (3/15)

Altars:
Elyvilon

Annotations:
D:3 Ijyb


Innate Abilities, Weirdness & Mutations

You have hoof-like feet.
You are surrounded by a mild repulsion field. (EV +2)
A weak demonic guardian rushes to your aid.
You have a pair of horns on your head.


Message History

You hit Ijyb. You kick Ijyb, but do no damage.
Ijyb is lightly wounded.
Ijyb zaps a wand.
You are blasted!
You closely miss Ijyb. Your kick misses Ijyb.
Ijyb is lightly wounded.
Ijyb screams, "Level is mine!
All mine!"
Ijyb hits you but does no damage.
You closely miss Ijyb.
Ijyb is lightly wounded.
Ijyb barely misses you.
Casting: Beastly Appendage (safe; 12% risk of failure)
Confirm with . or Enter, or press ? or * to list all spells.
You grow a pair of large bovine horns.
Your +0 helmet melds into your body.
Ijyb is nearby!
You barely miss Ijyb. You kick Ijyb, but do no damage.
Your headbutt misses Ijyb.
Ijyb is lightly wounded.
Ijyb zaps a wand.
You are blasted!
Ouch! That really hurt!
You die...

.......†.....#
####.....###.#
#.....###.#
#.........#
............#
#######.....#
.
#.....#####$..
#####.........
#.@.......
#..g)...#.
##.....##
#.....#
#.....#
#.....#
#######


You could see Ijyb.

Vanquished Creatures
  Sigmund (D:3)
  An orc priest (D:3)
  4 adders
  A shadow imp (D:2)
  A worm (D:2)
  A dart slug (D:1)
  3 leopard geckos
  3 orcs (D:3)
  7 bats
  2 giant cockroaches
  5 hobgoblins
  4 jackals
  11 kobolds
  3 frilled lizards
  6 goblins
  7 rats
60 creatures vanquished.

Vanquished Creatures (collateral kills)
  An ooze (D:3)
  2 orcs (D:3)
  A hobgoblin (D:3)
4 creatures vanquished.

Grand Total: 64 creatures vanquished

Notes
Turn   | Place    | Note
-------+----------+-------------------------------------------
     0 | D:1      | theswoord the Demonspawn Transmuter began the quest for the
                  | Orb.
     0 | D:1      | Reached XP level 1. HP: 15/15 MP: 3/3
   367 | D:1      | Lost mutation: You have razor-sharp toenails. [demonic
                  | ancestry]
   367 | D:1      | Lost mutation: You have sharp toenails. [demonic ancestry]
   367 | D:1      | Gained mutation: You have large cloven feet. [demonic
                  | ancestry]
   367 | D:1      | Reached XP level 2. HP: 21/21 MP: 3/5
   639 | D:1      | Reached skill level 3 in Unarmed Combat
  1574 | D:1      | You fall into a shaft and drop 1 floor!
  1574 | D:2      | Found a white marble altar of Elyvilon.
  1584 | D:2      | Gained mutation: A weak demonic guardian rushes to your
                  | aid. [demonic ancestry]
  1584 | D:2      | Reached XP level 3. HP: 26/27 MP: 4/6
  2337 | D:2      | Gained mutation: You have hoof-like feet. [demonic
                  | ancestry]
  2337 | D:2      | Reached XP level 4. HP: 22/33 MP: 7/7
  3061 | D:3      | Noticed Sigmund
  3077 | D:3      | Killed Sigmund
  3078 | D:3      | Reached skill level 4 in Unarmed Combat
  3078 | D:3      | Gained mutation: You are surrounded by a mild repulsion
                  | field. (EV +2) [demonic ancestry]
  3078 | D:3      | Reached XP level 5. HP: 22/41 MP: 8/8
  3349 | D:3      | Reached XP level 6. HP: 6/47 MP: 9/9
  3840 | D:3      | Noticed Ijyb
  3850 | D:3      | Blown up by Ijyb

Skill      XL: |  1  2  3  4 |
---------------+-------------+-----
Transmutations | 2 3 |  3.7
Unarmed Combat | 3 4 |  4.2
Fighting       | 2 3 |  3.5
Dodging        | |  1.7
Spellcasting   | |  2.0

Action                   |  1- 3 |  4- 6 || total
-------------------------+-------+-------++-------
Melee: Unarmed           |   127 |    66 ||   193
       Kick              |    19 |    16 ||    35
       Headbutt          |    10 |     6 ||    16
       Punch             |     1 |     1 ||     2
 Cast: Beastly Appendage |    27 |    11 ||    38
  Use: Potion            |     1 |     4 ||     5
       Scroll            |       |     6 ||     6
Armor: Robe              |    30 |     3 ||    33
       Ring mail         |       |    10 ||    10
Dodge: Dodged            |   113 |    38 ||   151

Levels and vault maps discovered:
D:1:      dpeg_arrival_three_smaller_balls, layout_basic, dk_noncrumbling_2,
          minmay_vboxes
D:2:      layout_loops_cross, elyvilon_altar_5, item_on_display_a
D:3:      layout_basic, minmay_misc_feat_room, uniq_crazy_yiuf_cottage,
          uniq_sigmund, uniq_ijyb
